 Dungeon Crawl Stone Soup version 0.30-a0-757-ga6a79fd877 (webtiles) character file.

Game seed: 13201584531771009642

10465 kingofthe the Nimble (level 11, -5/66 HPs)
             Began as an Octopode Conjurer on Feb 8, 2023.
             Was a Priest of Sif Muna.
             Killed from afar by a lindwurm (33 damage)
             ... with a blast of flame
             ... on level 2 of the Lair of Beasts on Feb 10, 2023.
             The game lasted 01:24:55 (18225 turns).

kingofthe the Nimble (Octopode Conjurer)           Turns: 18225, Time: 01:24:55

Health: -5/66      AC:  1    Str: 18    XL:     11   Next: 62%
Magic:  16/22      EV: 32    Int: 24    God:    Sif Muna [***...]
Gold:   276        SH:  5    Dex: 14    Spells: 5/25 levels left

rFire   . . .      SeeInvis +    l - +4 trident of Putrescence {flame, Will+ Str+3}
rCold   + . .      Faith    .    K - +0 buckler of Bauffure {rElec rN+ Str+3 Int+2}
rNeg    + . .      Spirit   .    (helmet restricted)
rPois   .          Reflect  .    p - amulet of the acrobat
rElec   +          Harm     .    e - ring of see invisible
rCorr   .          Rampage  .    i - ring of protection from cold
Will    +....                    y - +6 ring of strength
Stlth   +++++                    (no ring)
HPRegen 0.31/turn                (no ring)
MPRegen 0.18/turn                (no ring)
                                 (no ring)
                                 (no ring)

@: acrobatic
A: almost no armour, amphibious, 8 rings, camouflage 1, gelatinous body 1,
(nimble swimmer 1), tentacles
a: Renounce Religion, Channel Magic, Forget Spell


You were on level 2 of the Lair of Beasts.
You worshipped Sif Muna.
Sif Muna was most pleased with you.
You visited 3 branches of the dungeon, and saw 13 of its levels.
You also visited: Bailey.

You collected 774 gold pieces.
You spent 498 gold pieces at shops.

Inventory:

Hand Weapons
 l - the +4 trident of Putrescence (weapon) {flame, Will+ Str+3}
   (You took it off a kobold in a bailey)

   Str:       It affects your strength (+3).
   Will:      It increases your willpower.
 n - a +2 spear of flaming
 w - a +3 dagger of venom
Armour
 K - the +0 buckler of Bauffure (worn) {rElec rN+ Str+3 Int+2}
   (You bought it in a shop on level 7 of the Dungeon)

   Str:       It affects your strength (+3).
   Int:       It affects your intelligence (+2).
   rElec:     It insulates you from electricity.
   rN:        It protects you from negative energy.
Jewellery
 e - a ring of see invisible (left tentacle)
 i - a ring of protection from cold (right tentacle)
 p - an amulet of the acrobat (around mantle)
 y - a +6 ring of strength (on tentacle)
Wands
 d - a wand of iceblast (3)
 t - a wand of light (11)
 F - a wand of flame (27)
 G - a wand of charming (2)
Scrolls
 b - 2 scrolls of identify
 g - 3 scrolls of teleportation
 m - 2 scrolls of vulnerability
 A - 3 scrolls of enchant weapon
Potions
 a - a potion of magic
 c - 2 potions of curing
 f - 4 potions of might
 h - a potion of berserk rage {unknown}
 j - 5 potions of flight
 k - a potion of resistance {unknown}
 o - a potion of invisibility {unknown}
 q - a potion of mutation {unknown}
 s - a potion of cancellation
 u - 2 potions of ambrosia
 v - a potion of brilliance {unknown}
 z - a potion of attraction {unknown}
 E - 3 potions of haste
 J - a potion of heal wounds {unknown}


   Skills:
 * Level 2.6 Fighting
 + Level 10.5 Dodging
 + Level 7.4 Stealth
 * Level 3.2 Shields
 + Level 7.5 Spellcasting
 - Level 8.2 Conjurations
 + Level 6.7 Hexes
 + Level 4.4 Invocations


You had 5 spell levels left.
You knew the following spells:

 Your Spells              Type           Power      Damage    Failure   Level
a - Magic Dart            Conj           100%       1d8       1%          1
b - Searing Ray           Conj           96%        2d7       1%          2
c - Dazzling Flash        Conj/Hex       90%        N/A       1%          3
d - Tukima's Dance        Hex            41%        N/A       1%          3
e - Fulminant Prism       Conj/Hex       22%        3d12      4%          4
f - Iskenderun's Mystic   Conj/Tloc      28%        2d7       16%         4
g - Swiftness             Air            9%         N/A       26%         3

Your spell library contained the following spells:

 Spells                   Type           Power      Damage    Failure   Level
 Ensorcelled Hibernation  Hex/Ice        50%        N/A       3%          2
 Necrotise                Necr           36%        1d5       9%          1
 Passwall                 Tmut/Erth      7%         N/A       14%         2
 Vampiric Draining        Necr           9%         2d6       26%         3
 Irradiate                Conj/Tmut      14%        3d16      41%         5
 Yara's Violent Unravell  Hex/Tmut       12%        3d7       52%         5
 Passage of Golubria      Tloc           9%         N/A       65%         4
 Agony                    Necr           9%         N/A       94%         5
 Blade Hands              Tmut           4%         N/A       94%         5
 Dragon Form              Tmut           4%         N/A       100%        7


Dungeon Overview and Level Annotations

Branches:
Dungeon (10/15)            Temple (1/1) D:5            Lair (2/5) D:10
 Bailey (visited)
  Swamp: Lair:2-3    Shoals: Lair:2-3     Snake: Lair:2-3    Spider: Lair:2-3
    Orc: D:9-12

Altars:
Ashenzari
Cheibriados
Dithmenos
Elyvilon
Fedhas
Gozag
Hepliaklqana
Kikubaaqudgha
Makhleb
Nemelex Xobeh
Okawaru
Qazlal
Ru
Sif Muna
Trog
Uskayaw
Vehumet
Wu Jian
Xom
Yredelemnul
Zin
The Shining One

Shops:
D:7 [

Annotations:
D:9 Wandering Stone Gargoyle


Innate Abilities, Weirdness & Mutations

You cannot wear most types of armour.
You are amphibious.
You can wear up to eight rings at the same time.
Your skin changes colour to match your surroundings (Stealth+).
Your rubbery body absorbs attacks. (AC +1, EV +1)
((You are camouflaged when in or above water. (Stealth+)))
You have tentacles for arms and can constrict up to eight enemies at once.


Message History

You see here a scroll of teleportation.
g - 3 scrolls of teleportation (gained 1)
You block the wolf's attack. The wolf barely misses you.
The wolf attacks as you move away! The wolf misses you.
The wolf attacks as you move away! The wolf completely misses you.
The wolf attacks as you move away! The wolf bites you.
The wolf stops to sniff the ground.
You block the wolf's attack.
There is a stone staircase leading down here.
The wolf completely misses you. The wolf misses you.
The wolf completely misses you. The wolf completely misses you.
The wolf closely misses you. The wolf attacks as you move away!
The wolf completely misses you. The wolf attacks as you move away!
The wolf closely misses you.
Really wriggle into that teleport trap?
You enter a teleport trap!
The teleport trap disappears.
Your surroundings suddenly seem different.
Casting: Searing Ray (safe; 1% risk of failure)
Confirm with . or Enter, or press ? or * to list all spells.
You miscast Swiftness.
You are very lightly contaminated with residual magic.
Nothing appears to happen.
The wolf howls!
The wolf attacks as you move away! The wolf bites you. The wolf bites you!
The wolf attacks as you move away! The wolf completely misses you.
The wolf misses you. The wolf attacks as you move away!
The wolf completely misses you. The wolf misses you. The wolf bites you!
The wolf completely misses you. The wolf completely misses you.
The wolf misses you. The wolf attacks as you move away!
The wolf completely misses you.
You enter the shallow water.
Your magical contamination has completely faded away.
The wolf attacks as you move away! The wolf completely misses you.
The lindwurm roars!
The lindwurm breathes flames at you. The blast of flame hits you!!
Ouch! That really hurt!
You die...

#(....#.#(..##....###.
##......#..............
#........##.#..##......
###.....b...#.#......8...
#.#.~~~~~~.......#.....>.
#..~~≈~≈~~...#..#.h.8...
#.~~≈≈~≈~≈~h)#...#......
#~~≈~..~≈≈~h..#....##...
##~≈~≈.<@≈≈hh..##......##
#P~~≈~~.§~h~..##.##......
##~~≈≈≈§~~~~.###. ##.....
#.~~~≈§~~~..# ## ####.#
##.~~k~≈~~(## #..
##...~.~.## #..
#...##~~~# #..
#...P####### ### ##...##
#.. #


You could see a lindwurm (catching breath) and 5 wolves.

Vanquished Creatures
  A catoblepas (Lair:1)
  A two-headed ogre (D:10)
  A deep elf pyromancer (D:8)
  A black mamba (Lair:2)
  2 cane toads
  2 komodo dragons
  A troll (D:10)
  Sigmund (D:3)
  A wraith (D:9)
  A shadow (D:10)
  2 wyverns
  10 yaks
  A steam dragon (D:6)
  An acid dragon (D:10)
  5 water moccasins
  2 ice beasts
  7 orc warriors
  4 black bears
  A sky beast (D:6)
  A wolf (Lair:1)
  3 centaurs
  3 kobold brigands
  2 phantoms
  8 bullfrogs
  A gnoll sergeant (D:9)
  5 scorpions
  10 killer bees
  5 howler monkeys
  An electric eel (Lair:1)
  A lava snake (D:7)
  An orc priest (D:8)
  2 jellies
  A hound (D:7)
  6 iguanas
  2 orc wizards (D:9)
  15 gnolls
  9 adders
  2 ufetubi
  A worm (D:2)
  A dart slug (D:1)
  21 orcs
  2 endoplasms
  2 giant cockroaches
  11 goblins
  3 hobgoblins
  3 jackals (D:1)
  30 kobolds
  2 quokkas
  2 ball pythons
  4 bats
  2 frilled lizards (D:1)
  3 rats
  A butterfly (Lair:2)
211 creatures vanquished.

Vanquished Creatures (collateral kills)
  An orc warrior (Bailey)
  An orc (D:9)
2 creatures vanquished.

Vanquished Creatures (others)
  3 dancing weapons
  26 fulminant prisms
  41 fungi
  39 plants
109 creatures vanquished.

Grand Total: 322 creatures vanquished

Notes
Turn   | Place    | Note
-------+----------+-------------------------------------------
     0 | D:1      | kingofthe the Octopode Conjurer began the quest for the
                  | Orb.
     0 | D:1      | Reached XP level 1. HP: 11/11 MP: 3/3
   309 | D:1      | Reached XP level 2. HP: 15/17 MP: 0/5
   312 | D:1      | Learned a level 2 spell: Searing Ray
  1096 | D:2      | Reached XP level 3. HP: 21/21 MP: 0/6
  1939 | D:3      | Found a bloodstained altar of Trog.
  1942 | D:3      | Identified the +1 robe of Xom's Condemnation {Rampage}
  2042 | D:3      | Found a glowing golden altar of the Shining One.
  2044 | D:3      | Found a glowing silver altar of Zin.
  2191 | D:2      | Reached XP level 4. HP: 27/27 MP: 3/8
  2325 | D:2      | Found a faded altar of an unknown god.
  2431 | D:3      | Found a white marble altar of Elyvilon.
  2566 | D:3      | Reached skill level 3 in Dodging
  2720 | D:3      | Noticed Sigmund
  2726 | D:3      | Killed Sigmund
  2727 | D:3      | Reached XP level 5. HP: 14/31 MP: 0/10
  2727 | D:3      | Reached XP level 6. HP: 17/36 MP: 0/11
  2800 | D:3      | You fall into a shaft and drop 2 floors!
  2800 | D:5      | Entered Level 5 of the Dungeon
  2808 | D:5      | Reached skill level 4 in Dodging
  2951 | D:5      | Found a staircase to the Ecumenical Temple.
  2980 | Temple   | Entered the Ecumenical Temple
  3032 | Temple   | Became a worshipper of Sif Muna the Loreminder
  3229 | D:5      | Noticed a black bear
  3259 | D:5      | Reached XP level 7. HP: 39/41 MP: 4/13
  3345 | D:5      | Learned a level 3 spell: Dazzling Flash
  3427 | D:5      | Reached skill level 5 in Stealth
  3427 | D:5      | Reached skill level 5 in Conjurations
  3782 | D:4      | Found a sparkling altar of Nemelex Xobeh.
  4032 | D:4      | Reached skill level 1 in Hexes
  4127 | D:5      | Reached skill level 5 in Dodging
  4760 | D:5      | Reached XP level 8. HP: 46/46 MP: 7/14
  4974 | D:6      | Found an opulent altar of Gozag.
  5356 | D:6      | Reached * piety under Sif Muna
  5759 | D:6      | Reached skill level 6 in Dodging
  6451 | D:7      | Noticed a wyvern
  6455 | D:7      | Killed a wyvern
  6456 | D:7      | Reached skill level 5 in Spellcasting
  6567 | D:6      | Reached XP level 9. HP: 31/51 MP: 11/16
  6682 | D:7      | Reached skill level 7 in Dodging
  6922 | D:7      | Found Zukua's Armour Boutique.
  7446 | D:7      | Learned a level 3 spell: Tukima's Dance
  8556 | D:7      | Found Zukua's Armour Boutique.
  8934 | D:8      | Noticed Maurice
  9067 | D:8      | Found a hide-covered altar of Uskayaw.
  9068 | D:8      | Noticed a +0 dagger
  9068 | D:8      | Noticed a +0 dagger
  9096 | D:8      | Noticed a deep elf pyromancer
  9161 | D:8      | Reached skill level 8 in Dodging
  9445 | D:8      | Reached ** piety under Sif Muna
  9825 | D:8      | Found a blossoming altar of Fedhas.
 10021 | D:8      | Learned a level 4 spell: Fulminant Prism
 10526 | D:8      | Killed a deep elf pyromancer
 10527 | D:8      | Reached skill level 5 in Hexes
 10527 | D:8      | Reached XP level 10. HP: 5/56 MP: 1/19
 10797 | D:9      | Noticed a gargoyle
 10847 | D:9      | Reached skill level 9 in Dodging
 10936 | D:9      | Found a flagged portal.
 10949 | D:9      | Reached skill level 1 in Invocations
 10959 | Bailey   | Entered a bailey
 11049 | Bailey   | Identified the +4 trident of Putrescence {flame, Will+
                  | Str+3}
 12293 | D:9      | Found an iron altar of Okawaru.
 12479 | D:9      | Upgraded the game from 0.30-a0-748-ge6a52f7cba to
                  | 0.30-a0-757-ga6a79fd877
 12515 | D:9      | Reached *** piety under Sif Muna
 13047 | D:9      | Found a radiant altar of Vehumet.
 13061 | D:9      | Found an ancient bone altar of Kikubaaqudgha.
 13064 | D:9      | Found a hazy altar of Hepliaklqana.
 13078 | D:9      | Found a stormy altar of Qazlal.
 13677 | D:10     | Entered Level 10 of the Dungeon
 13731 | D:10     | Reached skill level 10 in Dodging
 13869 | D:10     | Learned a level 4 spell: Iskenderun's Mystic Blast
 14059 | D:5      | Found a staircase to the Ecumenical Temple.
 14773 | D:7      | Bought the +0 buckler of Bauffure {rElec rN+ Str+3 Int+2}
                  | for 498 gold pieces
 14948 | D:10     | Reached XP level 11. HP: 54/61 MP: 11/21
 15040 | D:10     | Found a staircase to the Lair.
 15143 | D:10     | Noticed a two-headed ogre
 15180 | D:10     | Killed a two-headed ogre
 15181 | D:10     | Reached skill level 1 in Shields
 15388 | D:10     | HP: 2/61 [troll (15)]
 15399 | D:10     | HP: 3/61 [tengu conjurer (2)]
 15606 | Lair:1   | Entered Level 1 of the Lair of Beasts
 15904 | Lair:1   | Reached skill level 1 in Fighting
 16023 | Lair:1   | Noticed a catoblepas
 16206 | Lair:1   | Found a glowing golden altar of the Shining One.
 16213 | Lair:1   | Learned a level 3 spell: Swiftness
 16929 | Lair:1   | Killed a catoblepas
 17741 | Lair:2   | Noticed a lindwurm
 18225 | Lair:2   | Killed from afar by a lindwurm

Illustrated notes

Levels and vault maps discovered:
D:1:      wander_arrival_lonely_grave, layout_loops_ring, columned_hall_lemuel
D:2:      layout_basic, hellmonk_ecumenical_altar_inner_sanctum,
          chequers_mini_garden
D:3:      layout_loops_ring, good_gods_temple_1,
          mainiacjoe_overflow_tiny_flanked, serial_rivers,
          chequers_serial_rivers_micro_d, chequers_serial_rivers_micro_e,
          chequers_serial_rivers_small_b, chequers_serial_rivers_micro_a,
          chequers_serial_rivers_marsh, uniq_sigmund
D:4:      layout_rooms, nemelex_xobeh_ov_fountains_minmay,
          minmay_misc_feat_tiny, kennysheep_generic_room_3
D:5:      layout_basic, minmay_temple_entry_wispy, serial_bayou,
          serial_bayou_shore_b, serial_bayou_pond_e, serial_bayou_pond_b,
          serial_bayou_pond_e
D:6:      layout_loops_ring, nicolae_gozag_cash_rules_everything_around_me
D:7:      layout_cave_pods, serial_shops, shop, kennysheep_pointless_box,
          minmay_misc_feat_rows, minmay_circle_x
D:8:      layout_basic, fedhas_altar_2, dancing_weapons_uskayaw,
          guppyfry_early_elven_hall, uniq_maurice
D:9:      layout_loops_ring, grunt_temple_overflow_cloverleaf,
          mainiacjoe_overflow_surrounded_room, enter_bailey_2
D:10:     layout_basic, due_lair_maze_entry_diamond
Temple:   nicolae_temple_cloud_nine
Lair:1:   layout_long_grid, basic_altar, serial_bayou_lagoon_b,
          lemuel_fruit_fields
Lair:2:   layout_loops_ring, nicolae_lair_lil_pond, lemuel_fruit_fields,
          lemuel_fruit_fields, grunt_megastairs_2, serial_bayou_shore_b,
          infiniplex_staircase_pool_2, lemuel_fruit_tree, uniq_erica

Skill      XL: |  1  2  3  4  5  6  7  8  9 10 11 |
---------------+----------------------------------+-----
Stealth        | 3 4 5 6 7 |  7.4
Dodging        | 3 4 5 6 8 10 | 10.5
Spellcasting   | 3 4 5 6 7 |  7.5
Conjurations   | 5 6 7 8 |  8.2
Hexes          | 1 3 5 6 |  6.7
Invocations    | 3 4 |  4.4
Shields        | 3 |  3.2
Fighting       | 2 |  2.6

Action                     |  1- 3 |  4- 6 |  7- 9 | 10-12 || total
---------------------------+-------+-------+-------+-------++-------
  Melee: Constrict         |     3 |     1 |     2 |     5 ||    11
         Tentacles         |     2 |       |     3 |     3 ||     8
         Unarmed           |     2 |       |       |       ||     2
         Dagger            |     2 |       |     4 |     5 ||    11
         Spear             |       |     2 |     7 |       ||     9
         Trident           |       |       |       |     8 ||     8
   Cast: Magic Dart        |    60 |    16 |   113 |   100 ||   289
         Searing Ray       |     3 |    13 |    75 |    69 ||   160
         Dazzling Flash    |       |       |     7 |     9 ||    16
         Tukima's Dance    |       |       |     2 |    12 ||    14
         Fulminant Prism   |       |       |       |    26 ||    26
         Iskenderun's Myst |       |       |       |     2 ||     2
         Swiftness         |       |       |       |     1 ||     1
 Invoke: Channel Magic     |       |       |       |     1 ||     1
  Evoke: Wand              |       |       |     6 |     1 ||     7
    Use: Scroll            |       |       |     8 |    14 ||    22
         Potion            |       |       |     2 |     1 ||     3
   Stab: Sleeping          |       |       |       |     1 ||     1
 Armour: Skin              |     3 |       |     4 |     4 ||    11
  Dodge: Dodged            |     7 |     9 |   212 |   197 ||   425
  Block: Buckler           |       |       |       |    19 ||    19

Table legend: (Time is in decaauts)
 A = Elapsed time spent in this place.
 B = Non-inter-level travel time spent in this place.
 C = Inter-level travel time spent in this place.
 D = Time resting spent in this place.
 E = Time spent auto-exploring this place.
 F = Levels seen in this place.
 G = Mean time per level.
                   A        B        C        D        E       F      G
               +--------+--------+--------+--------+--------+-----+--------+
         Total |  18270 |  17032 |   1238 |   4806 |   9395 |  14 | 1305.0 |
       Dungeon |  14450 |  13414 |   1036 |   3454 |   8192 |  10 | 1445.0 |
        Temple |     59 |     42 |     17 |      0 |     38 |   1 |   59.0 |
          Lair |   2473 |   2288 |    185 |    845 |    794 |   2 | 1236.5 |
        Bailey |   1286 |   1286 |      0 |    507 |    371 |   1 | 1286.0 |
               +--------+--------+--------+--------+--------+-----+--------+

Top non-repeatable levels by time:
     D:5: 2696 daAuts
     D:7: 2184 daAuts
  Lair:1: 2184 daAuts
     D:8: 2087 daAuts
     D:6: 1713 daAuts
     D:9: 1589 daAuts
  Bailey: 1286 daAuts
     D:1: 1115 daAuts
    D:10: 1099 daAuts
     D:2: 1058 daAuts
     D:3: 626 daAuts
  Lair:2: 289 daAuts
     D:4: 279 daAuts
  Temple: 59 daAuts
